[Event "GER-ch Youth U16 2019"]
[Site "Willingen"]
[Date "2019.06.10"]
[Round "3.6"]
[White "Burian, Simon"]
[Black "Wachinger, Nikolas"]
[Result "0-1"]
[ECO "B96"]
[WhiteElo "2001"]
[BlackElo "2311"]
[Annotator "NA"]
[PlyCount "42"]
[EventDate "2019.06.07"]
[EventType "swiss"]
[EventRounds "9"]
[EventCountry "GER"]
[SourceTitle "playchess.com"]
[Source "ChessBase"]
[SourceQuality "1"]
[TimeControl "40/5400+30:1800+30"]

1. e4 c5 2. Nf3 d6 3. d4 Nf6 4. Nc3 cxd4 5. Nxd4 a6 6. Bg5 e6 7. f4 h6 8. Bh4 Qb6 9. a3 Be7 10. Bf2 Qc7 11. Qe2 Nbd7 12. O-O-O b5 13. g4 Bb7 14. g5 hxg5 15. fxg5 Nh5 16. g6 Ne5 17. gxf7+ Kxf7 18. Be3 Nf6 19. h4 Nxe4 20. Nxe4 Bxe4 21. Rg1 Bf6 {[%emt 0:07:01] normal} 0-1

[Event "GER-ch Youth U16 2019"]
[Site "Willingen"]
[Date "2019.06.10"]
[Round "3.7"]
[White "Nguyen, Alex Dac-Vuong"]
[Black "Richter, Nils"]
[Result "1/2-1/2"]
[ECO "B47"]
[WhiteElo "2287"]
[BlackElo "2115"]
[Annotator "NA"]
[PlyCount "50"]
[EventDate "2019.06.07"]
[EventType "swiss"]
[EventRounds "9"]
[EventCountry "GER"]
[SourceTitle "playchess.com"]
[Source "ChessBase"]
[SourceQuality "1"]
[TimeControl "40/5400+30:1800+30"]

1. e4 c5 2. Nf3 e6 3. d4 cxd4 4. Nxd4 Nc6 5. Nc3 Qc7 6. Be2 a6 7. f4 d6 8. Be3 Nf6 9. Qd2 Be7 10. O-O-O O-O 11. Nxc6 bxc6 12. g4 d5 13. exd5 Nxd5 14. Nxd5 cxd5 15. g5 a5 16. h4 Ba6 17. Bg4 a4 18. Rh3 a3 19. b3 Rfc8 20. Bd4 Bd6 21. Rf3 Rab8 22. h5 Rb4 23. c3 Rxd4 24. Qxd4 Be2 25. h6 e5 {[%emt 0:06:24] normal} 1/2-1/2

[Event "GER-ch Youth U16 2019"]
[Site "Willingen"]
[Date "2019.06.10"]
[Round "3.8"]
[White "Liebold, Aaron"]
[Black "Kopylov, Daniel"]
[Result "1/2-1/2"]
[ECO "B63"]
[WhiteElo "1870"]
[BlackElo "2263"]
[Annotator "ChessBase"]
[PlyCount "57"]
[EventDate "2019.06.07"]
[EventType "swiss"]
[EventRounds "9"]
[EventCountry "GER"]
[SourceTitle "playchess.com"]
[Source "ChessBase"]
[SourceQuality "1"]
[TimeControl "40/5400+30:1800+30"]

1. e4 c5 2. Nf3 d6 3. d4 cxd4 4. Nxd4 Nf6 5. Nc3 Nc6 6. Bg5 e6 7. Qd2 Nxd4 8. Qxd4 Be7 9. O-O-O O-O 10. f4 Qa5 11. Bc4 Bd7 12. e5 dxe5 13. Qxe5 Qb6 14. f5 Rad8 15. fxe6 Bxe6 16. Bxe6 Qxe6 17. Qxe6 fxe6 18. Rde1 Kf7 19. Rhf1 Rd4 20. h3 Bb4 21. Be3 Bxc3 22. bxc3 Ra4 23. Kb2 Rc8 24. Bd4 Ke7 25. Re5 h6 26. Rfe1 Rc6 27. Rb5 b6 28. g4 Ne8 29. Rh5 {[%emt 0:08:29] normal} 1/2-1/2

[Event "GER-ch Youth U16 2019"]
[Site "Willingen"]
[Date "2019.06.10"]
[Round "3.9"]
[White "Stork, Oliver"]
[Black "Boder, Jan"]
[Result "1-0"]
[ECO "B39"]
[WhiteElo "2224"]
[BlackElo "2123"]
[Annotator "NA"]
[PlyCount "73"]
[EventDate "2019.06.07"]
[EventType "swiss"]
[EventRounds "9"]
[EventCountry "GER"]
[SourceTitle "playchess.com"]
[Source "ChessBase"]
[SourceQuality "1"]
[TimeControl "40/5400+30:1800+30"]

1. e4 c5 2. Nf3 Nc6 3. d4 cxd4 4. Nxd4 g6 5. c4 Bg7 6. Be3 Nf6 7. Nc3 Ng4 8. Qxg4 Nxd4 9. Qd1 Ne6 10. Rc1 Qa5 11. Qd2 b6 12. Qd5 Qxd5 13. cxd5 Nc5 14. f3 Ba6 15. Bxa6 Nxa6 16. Ke2 d6 17. a3 Kd7 18. b4 Bxc3 19. Rxc3 Rac8 20. Kd3 Rxc3+ 21. Kxc3 Rc8+ 22. Kd3 e6 23. dxe6+ Kxe6 24. h4 Nb8 25. g4 d5 26. f4 dxe4+ 27. Kxe4 f5+ 28. gxf5+ gxf5+ 29. Kd3 Rg8 30. Rc1 Kd6 31. a4 Rg4 32. Rc8 Na6 33. b5 Nc5+ 34. Bxc5+ bxc5 35. Ra8 Rxf4 36. Rxa7 Rxh4 37. a5 {[%emt 0:00:19] normal} 1-0

[Event "GER-ch Youth U16 2019"]
[Site "Willingen"]
[Date "2019.06.10"]
[Round "3.10"]
[White "Rietschel, Tilo"]
[Black "Roehr, Tobias"]
[Result "1-0"]
[ECO "B44"]
[WhiteElo "2005"]
[BlackElo "2208"]
[Annotator "NA"]
[PlyCount "39"]
[EventDate "2019.06.07"]
[EventType "swiss"]
[EventRounds "9"]
[EventCountry "GER"]
[SourceTitle "playchess.com"]
[Source "ChessBase"]
[SourceQuality "1"]
[TimeControl "40/5400+30:1800+30"]

1. e4 c5 2. Nf3 e6 3. d4 cxd4 4. Nxd4 Nc6 5. Nxc6 bxc6 6. Bd3 Bc5 7. O-O e5 8. Qe2 Ne7 9. b3 d6 10. Kh1 Ng6 11. Bd2 Qf6 12. b4 Bb6 13. a4 Nf4 14. Bxf4 exf4 15. Nd2 O-O 16. Rac1 Bd4 17. b5 cxb5 18. axb5 Re8 19. Bc4 Bb7 20. Qd3 {[%emt 0:00:43] normal} 1-0

[Event "GER-ch Youth U16 2019"]
[Site "Willingen"]
[Date "2019.06.10"]
[Round "3.11"]
[White "Koehler, Lukas"]
[Black "Fromm, Marius"]
[Result "0-1"]
[ECO "C50"]
[WhiteElo "2068"]
[BlackElo "2038"]
[Annotator "NA"]
[PlyCount "32"]
[EventDate "2019.06.07"]
[EventType "swiss"]
[EventRounds "9"]
[EventCountry "GER"]
[SourceTitle "playchess.com"]
[Source "ChessBase"]
[SourceQuality "1"]
[TimeControl "40/5400+30:1800+30"]

1. e4 e5 2. Nf3 Nc6 3. Bc4 Bc5 4. O-O Nf6 5. d4 Bxd4 6. Nxd4 Nxd4 7. f4 d6 8. fxe5 dxe5 9. Bg5 Qe7 10. Na3 Bd7 11. c3 Ne6 12. Bxe6 Bxe6 13. Kh1 Qd7 14. Bxf6 gxf6 15. Qf3 O-O-O 16. Qxf6 Qd6 {[%emt 0:10:11] normal} 0-1

[Event "GER-ch Youth U16 2019"]
[Site "Willingen"]
[Date "2019.06.10"]
[Round "3.12"]
[White "Biermann, Florian"]
[Black "Trifan, Andrei Ioan"]
[Result "1/2-1/2"]
[ECO "A20"]
[WhiteElo "2018"]
[BlackElo "2268"]
[Annotator "ChessBase"]
[PlyCount "51"]
[EventDate "2019.06.07"]
[EventType "swiss"]
[EventRounds "9"]
[EventCountry "GER"]
[SourceTitle "playchess.com"]
[Source "ChessBase"]
[SourceQuality "1"]
[TimeControl "40/5400+30:1800+30"]

1. c4 e5 2. g3 Nc6 3. Bg2 f5 4. Nc3 Nf6 5. d3 Bb4 6. Bd2 O-O 7. e3 Bxc3 8. Bxc3 d5 9. Ne2 Be6 10. b3 Qe8 11. Qd2 Rd8 12. Qb2 d4 13. exd4 exd4 14. Bd2 Bf7 15. Bf4 Bh5 16. f3 Ne5 17. Bxe5 Qxe5 18. O-O-O Qe3+ 19. Qd2 Rfe8 20. Nf4 Bxf3 21. Qxe3 Rxe3 22. Bxf3 Rxf3 23. Ne6 Rd7 24. Rhf1 Rxf1 25. Rxf1 g6 26. Rf4 {[%emt 0:02:57] normal} 1/2-1/2

[Event "GER-ch Youth U16 2019"]
[Site "Willingen"]
[Date "2019.06.10"]
[Round "3.13"]
[White "Jeschke, Jan"]
[Black "Pahl, Erik"]
[Result "1-0"]
[ECO "B00"]
[WhiteElo "1915"]
[BlackElo "2113"]
[Annotator "NA"]
[PlyCount "36"]
[EventDate "2019.06.07"]
[EventType "swiss"]
[EventRounds "9"]
[EventCountry "GER"]
[SourceTitle "playchess.com"]
[Source "ChessBase"]
[SourceQuality "1"]
[TimeControl "40/5400+30:1800+30"]

1. e4 Nc6 2. d4 d5 3. e5 Bf5 4. c3 f6 5. Nf3 e6 6. Be2 Qd7 7. Be3 h5 8. Nbd2 Nh6 9. b4 Ng4 10. Nb3 fxe5 11. b5 Nd8 12. Nxe5 Nxe5 13. dxe5 Nf7 14. f4 h4 15. a4 Be7 16. Nd4 g6 17. Bf3 c5 18. Nxf5 gxf5 {[%emt 0:01:33] normal} 1-0

[Event "GER-ch Youth U16 2019"]
[Site "Willingen"]
[Date "2019.06.10"]
[Round "3.14"]
[White "Buller, Ian Joshua"]
[Black "Huber, Benedikt"]
[Result "0-1"]
[ECO "B40"]
[WhiteElo "1904"]
[BlackElo "2051"]
[Annotator "NA"]
[PlyCount "41"]
[EventDate "2019.06.07"]
[EventType "swiss"]
[EventRounds "9"]
[EventCountry "GER"]
[SourceTitle "playchess.com"]
[Source "ChessBase"]
[SourceQuality "1"]
[TimeControl "40/5400+30:1800+30"]

1. e4 c5 2. Nf3 e6 3. b3 b6 4. Bd3 Bb7 5. O-O d6 6. Bb2 Nf6 7. e5 dxe5 8. Nxe5 a6 9. f4 Be7 10. Nc3 Nc6 11. Nxc6 Bxc6 12. Qe1 O-O 13. Qg3 b5 14. Kh1 Rc8 15. Rae1 c4 16. bxc4 bxc4 17. Be4 Kh8 18. Bxc6 Rxc6 19. Ne4 Ne8 20. Qf3 Rb6 21. Bc3 {[%emt 0:00:09] normal} 0-1

[Event "GER-ch Youth U16 2019"]
[Site "Willingen"]
[Date "2019.06.11"]
[Round "4.6"]
[White "Fromm, Marius"]
[Black "Yi, Danny"]
[Result "1/2-1/2"]
[ECO "A05"]
[WhiteElo "2038"]
[BlackElo "2205"]
[Annotator "NA RC"]
[PlyCount "59"]
[EventDate "2019.06.07"]
[EventType "swiss"]
[EventRounds "9"]
[EventCountry "GER"]
[SourceTitle "playchess.com"]
[Source "ChessBase"]
[SourceQuality "1"]
[TimeControl "40/5400+30:1800+30"]

1. Nf3 Nf6 2. c4 g6 3. Nc3 d5 4. cxd5 Nxd5 5. Qa4+ Nc6 6. Ne5 Ndb4 7. a3 Nc2+ 8. Qxc2 Nxe5 9. g3 Bg7 10. Bg2 O-O 11. O-O c6 12. d3 Be6 13. Bf4 Qc8 14. Rfc1 Rd8 15. Rab1 Bh3 16. Ne4 Bxg2 17. Kxg2 Qf5 18. b4 Rac8 19. Qc5 Ng4 20. Qxe7 Re8 21. Qg5 Qxg5 22. Bxg5 f5 23. h3 fxe4 24. hxg4 exd3 25. exd3 Re2 26. Be3 Ra2 27. Rb3 a6 28. Rc4 Rd8 29. Re4 Rb2 30. Rxb2 {[%emt 0:00:57] normal} 1/2-1/2

[Event "GER-ch Youth U16 2019"]
[Site "Willingen"]
[Date "2019.06.11"]
[Round "4.9"]
[White "Knuedel, Torben"]
[Black "Liebold, Aaron"]
[Result "1-0"]
[ECO "B94"]
[WhiteElo "2044"]
[BlackElo "1870"]
[Annotator "NA"]
[PlyCount "39"]
[EventDate "2019.06.07"]
[EventType "swiss"]
[EventRounds "9"]
[EventCountry "GER"]
[SourceTitle "playchess.com"]
[Source "ChessBase"]
[SourceQuality "1"]
[TimeControl "40/5400+30:1800+30"]

1. e4 c5 2. Nf3 d6 3. d4 cxd4 4. Nxd4 Nf6 5. Nc3 a6 6. Bg5 Nbd7 7. Qe2 h6 8. Bh4 g6 9. f4 e5 10. fxe5 dxe5 11. O-O-O Qc7 12. Nb3 Be7 13. Qf3 b5 14. Rxd7 Qxd7 15. Bxf6 Bxf6 16. Qxf6 O-O 17. Nd5 Qe6 18. Qh4 g5 19. Qg3 Ra7 20. Qe3 {[%emt 0:02:40] normal} 1-0

[Event "GER-ch Youth U16 2019"]
[Site "Willingen"]
[Date "2019.06.11"]
[Round "4.12"]
[White "Huber, Benedikt"]
[Black "Boder, Jan"]
[Result "1/2-1/2"]
[ECO "A57"]
[WhiteElo "2051"]
[BlackElo "2123"]
[Annotator "NA"]
[PlyCount "96"]
[EventDate "2019.06.07"]
[EventType "swiss"]
[EventRounds "9"]
[EventCountry "GER"]
[SourceTitle "playchess.com"]
[Source "ChessBase"]
[SourceQuality "1"]
[TimeControl "40/5400+30:1800+30"]

1. d4 Nf6 2. c4 c5 3. d5 b5 4. Nf3 g6 5. cxb5 a6 6. e4 Bg7 7. Nc3 O-O 8. a4 e6 9. Bc4 exd5 10. Bxd5 Ra7 11. Bf4 Bb7 12. O-O Bxd5 13. exd5 d6 14. h3 Re8 15. a5 axb5 16. Nxb5 Ra6 17. Qd3 Nh5 18. Bg5 Qd7 19. Ra2 h6 20. Bd2 Nf6 21. Bc3 Nxd5 22. Qxd5 Qxb5 23. Nd2 Nc6 24. Nc4 Nb4 25. Bxb4 Qxb4 26. Nxd6 Re6 27. Nc4 Bd4 28. Ne3 Qd2 29. b4 Qxb4 30. Nc2 Qc3 31. Nxd4 cxd4 32. Rd1 Red6 33. Qb5 d3 34. Rad2 Qxa5 35. Qxa5 Rxa5 36. Rxd3 Rf6 37. g3 Kg7 38. Kg2 g5 39. Rf3 Rxf3 40. Kxf3 Ra3+ 41. Kg2 Kg6 42. Rd6+ f6 43. Rb6 h5 44. Rb8 Ra5 45. Rg8+ Kf5 46. Rh8 Kg6 47. Rg8+ Kf7 48. Rh8 Kg6 {[%emt 0:00:10] normal} 1/2-1/2

[Event "GER-ch Youth U16 2019"]
[Site "Willingen"]
[Date "2019.06.11"]
[Round "4.13"]
[White "Biermann, Florian"]
[Black "Koehler, Lukas"]
[Result "1/2-1/2"]
[ECO "A35"]
[WhiteElo "2018"]
[BlackElo "2068"]
[Annotator "NA"]
[PlyCount "82"]
[EventDate "2019.06.07"]
[EventType "swiss"]
[EventRounds "9"]
[EventCountry "GER"]
[SourceTitle "playchess.com"]
[Source "ChessBase"]
[SourceQuality "1"]
[TimeControl "40/5400+30:1800+30"]

1. c4 c5 2. Nf3 Nc6 3. Nc3 Nf6 4. g3 e5 5. Bg2 d6 6. d3 h6 7. O-O Be6 8. Ne1 Qd7 9. Nc2 d5 10. cxd5 Nxd5 11. Ne3 Nf6 12. Nc4 Bh3 13. b3 Be7 14. Bb2 h5 15. Bxh3 Qxh3 16. f3 O-O-O 17. Rf2 g5 18. Qf1 Qe6 19. Ne4 Nd5 20. Nc3 Rh7 21. Nxd5 Qxd5 22. Rd1 Qe6 23. e4 Bd6 24. Ne3 Ne7 25. Qe2 Rg8 26. Qc2 Kb8 27. Qc4 Qh6 28. g4 Qf6 29. Nf5 Nxf5 30. exf5 Qd8 31. Qe4 f6 32. Re2 Rgh8 33. Rdd2 Qb6 34. Kh1 Qa5 35. Rc2 hxg4 36. fxg4 Qa6 37. Rc4 b5 38. Rcc2 Rh3 39. b4 Qb6 40. bxc5 Bxc5 41. Qd5 Be7 {normal} 1/2-1/2

[Event "GER-ch Youth U16 2019"]
[Site "Willingen"]
[Date "2019.06.12"]
[Round "5.1"]
[White "Woelk, Tom-Frederic"]
[Black "Koellner, Ruben Gideon"]
[Result "0-1"]
[ECO "C60"]
[WhiteElo "2239"]
[BlackElo "2299"]
[Annotator "NA"]
[PlyCount "127"]
[EventDate "2019.06.07"]
[EventType "swiss"]
[EventRounds "9"]
[EventCountry "GER"]
[SourceTitle "playchess.com"]
[Source "ChessBase"]
[SourceQuality "1"]
[TimeControl "40/5400+30:1800+30"]

1. e4 e5 2. Nf3 Nc6 3. Bb5 Nge7 4. c3 g6 5. O-O a6 6. Ba4 Bg7 7. d4 exd4 8. cxd4 b5 9. Bc2 d6 10. h3 O-O 11. Nc3 h6 12. d5 Na5 13. Rb1 c6 14. dxc6 Nexc6 15. Nd5 Be6 16. b3 Rc8 17. Bb2 Bxb2 18. Rxb2 Bxd5 19. Qxd5 Qf6 20. Rfb1 Kg7 21. Qd2 Nb7 22. b4 Ne5 23. Nxe5 dxe5 24. Bb3 Nd6 25. Qe2 Rc3 26. Rd2 Rfc8 27. Rbd1 Rc1 28. Bd5 Qe7 29. Qe1 Rxd1 30. Rxd1 Qc7 31. Bb3 Ne8 32. Rd5 Qe7 33. Qa1 Nf6 34. Qxe5 Qxb4 35. Rd7 Rf8 36. Kh2 Qxe4 37. Qb2 Qf5 38. Ra7 Qf4+ 39. g3 Qd6 40. a3 Kg8 41. Qa2 Nd7 42. Bd5 Ne5 43. a4 Nc4 44. Bg2 Rd8 45. axb5 axb5 46. Rb7 Qc5 47. Qe2 Kg7 48. Qf3 Nd6 49. Re7 Nf5 50. Rb7 Rd2 51. Kg1 b4 52. Bf1 Nd6 53. Rb8 Ne4 54. Be2 Ng5 55. Qg4 Nxh3+ 56. Qxh3 Rxe2 57. Qf1 Qe5 58. Kg2 Rxf2+ 59. Qxf2 Qxb8 60. Qb2+ Kg8 61. Qb3 Qb5 62. Kh2 Qc5 63. Qa4 Qc3 64. Qa5 {[%emt 0:00:15] normal} 0-1

[Event "GER-ch Youth U16 2019"]
[Site "Willingen"]
[Date "2019.06.12"]
[Round "5.2"]
[White "Stork, Oliver"]
[Black "Suvorov, Alexander"]
[Result "1/2-1/2"]
[ECO "A10"]
[WhiteElo "2224"]
[BlackElo "2325"]
[Annotator "NA"]
[PlyCount "68"]
[EventDate "2019.06.07"]
[EventType "swiss"]
[EventRounds "9"]
[EventCountry "GER"]
[SourceTitle "playchess.com"]
[Source "ChessBase"]
[SourceQuality "1"]
[TimeControl "40/5400+30:1800+30"]

1. c4 g6 2. Nc3 Bg7 3. g3 f5 4. d4 Nf6 5. Bg2 d6 6. Nf3 O-O 7. O-O Qe8 8. e4 fxe4 9. Ng5 Bf5 10. Ngxe4 Nxe4 11. Nxe4 Nc6 12. Be3 Kh8 13. Rc1 e5 14. d5 Nd4 15. c5 Qd7 16. Ng5 Rac8 17. Bxd4 exd4 18. Qb3 Bh6 19. Ne6 Bxc1 20. Nxf8 Rxf8 21. Rxc1 dxc5 22. Rxc5 Re8 23. Qd1 d3 24. g4 Bxg4 25. Qxd3 Re1+ 26. Bf1 Qe7 27. Qc3+ Qe5 28. Qxe5+ Rxe5 29. Rxc7 Rxd5 30. h3 Bf3 31. Kh2 Rd2 32. Kg3 Bc6 33. b4 Rxa2 34. b5 Bd5 {[%emt 0:00:58] normal} 1/2-1/2

[Event "GER-ch Youth U16 2019"]
[Site "Willingen"]
[Date "2019.06.12"]
[Round "5.4"]
[White "Richter, Nils"]
[Black "Wachinger, Nikolas"]
[Result "0-1"]
[ECO "B90"]
[WhiteElo "2115"]
[BlackElo "2311"]
[Annotator "NA"]
[PlyCount "64"]
[EventDate "2019.06.07"]
[EventType "swiss"]
[EventRounds "9"]
[EventCountry "GER"]
[SourceTitle "playchess.com"]
[Source "ChessBase"]
[SourceQuality "1"]
[TimeControl "40/5400+30:1800+30"]

1. e4 c5 2. Nf3 d6 3. d4 Nf6 4. Nc3 cxd4 5. Nxd4 a6 6. Rg1 b5 7. g4 Bb7 8. Bg2 e6 9. g5 Nfd7 10. f4 b4 11. Nce2 Be7 12. Ng3 Nc6 13. Nh5 O-O 14. Be3 Na5 15. Qe2 g6 16. Ng3 Qc7 17. f5 e5 18. fxg6 exd4 19. Nf5 Ne5 20. g7 dxe3 21. gxf8=Q+ Bxf8 22. O-O-O Nac4 23. Rd4 Rc8 24. Bh3 Qa5 25. Nh6+ Kh8 26. Kb1 Rc7 27. Nxf7+ Rxf7 28. Rxc4 Nxc4 29. Qxc4 Rc7 30. Qd4+ Qe5 31. Qxe3 Bg7 32. Qc1 Bxe4 {[%emt 0:00:28] normal} 0-1

[Event "GER-ch Youth U16 2019"]
[Site "Willingen"]
[Date "2019.06.12"]
[Round "5.5"]
[White "Yi, Danny"]
[Black "Knuedel, Torben"]
[Result "1/2-1/2"]
[ECO "C54"]
[WhiteElo "2205"]
[BlackElo "2044"]
[Annotator "NA"]
[PlyCount "41"]
[EventDate "2019.06.07"]
[EventType "swiss"]
[EventRounds "9"]
[EventCountry "GER"]
[SourceTitle "playchess.com"]
[Source "ChessBase"]
[SourceQuality "1"]
[TimeControl "40/5400+30:1800+30"]

1. e4 e5 2. Nf3 Nc6 3. Bc4 Bc5 4. c3 Nf6 5. d4 exd4 6. e5 d5 7. Bb5 Ne4 8. cxd4 Bb6 9. Nc3 O-O 10. Be3 Bg4 11. h3 Bh5 12. Qc2 Ba5 13. O-O Bxf3 14. gxf3 Nxd4 15. Bxd4 Bxc3 16. bxc3 Qg5+ 17. Kh1 Qf5 18. fxe4 Qxh3+ 19. Kg1 Qg4+ 20. Kh1 Qh3+ 21. Kg1 {[%emt 0:00:05] normal} 1/2-1/2

[Event "GER-ch Youth U16 2019"]
[Site "Willingen"]
[Date "2019.06.12"]
[Round "5.6"]
[White "Post, Hugo"]
[Black "Fromm, Marius"]
[Result "1-0"]
[ECO "C84"]
[WhiteElo "2113"]
[BlackElo "2038"]
[Annotator "NA"]
[PlyCount "139"]
[EventDate "2019.06.07"]
[EventType "swiss"]
[EventRounds "9"]
[EventCountry "GER"]
[SourceTitle "playchess.com"]
[Source "ChessBase"]
[SourceQuality "1"]
[TimeControl "40/5400+30:1800+30"]

1. e4 e5 2. Nf3 Nc6 3. Bb5 a6 4. Ba4 Nf6 5. O-O Be7 6. d3 b5 7. Bb3 d6 8. a4 Bd7 9. c3 O-O 10. Nbd2 Na5 11. Bc2 c5 12. Re1 Nc6 13. Nf1 h6 14. h3 Re8 15. Ne3 Bf8 16. Nh2 Be6 17. Nhg4 Nxg4 18. hxg4 Ne7 19. Nf5 Ng6 20. Qf3 d5 21. Qh3 d4 22. g3 dxc3 23. bxc3 b4 24. g5 hxg5 25. Kg2 b3 26. Bb1 Rb8 27. Bb2 Bxf5 28. exf5 Qd5+ 29. f3 g4 30. Qxg4 Ne7 31. c4 Qd7 32. d4 exd4 33. Be4 g6 34. fxg6 Qxg4 35. gxf7+ Kxf7 36. fxg4 Ng6 37. Bc6 Re5 38. Rf1+ Kg7 39. Rf2 Bd6 40. Raf1 Rf8 41. Bc1 Rxf2+ 42. Kxf2 Re6 43. Bd7 Rf6+ 44. Bf5 Ne5 45. Bg5 Rf8 46. Rb1 Rb8 47. Rh1 Ng6 48. Rh6 Ne7 49. Rh7+ Kg8 50. Bxe7 Bxe7 51. Rxe7 Rb4 52. Be4 b2 53. Bb1 Rxc4 54. Rb7 Rxa4 55. Rxb2 c4 56. Ke2 Kg7 57. Rd2 d3+ 58. Kd1 Ra1 59. Kc1 a5 60. Ra2 d2+ 61. Rxd2 Kf6 62. Kb2 Ra4 63. Bc2 Rb4+ 64. Kc3 Kg5 65. Rd4 Rb8 66. Rxc4 Re8 67. Bf5 Re3+ 68. Kb2 Re5 69. Ka3 {[%emt 0:00:10] normal} Rb5 70. Rc6 {[%emt 0:00:25] normal} 1-0

[Event "GER-ch Youth U16 2019"]
[Site "Willingen"]
[Date "2019.06.12"]
[Round "5.7"]
[White "Rietschel, Tilo"]
[Black "Trifan, Andrei Ioan"]
[Result "1/2-1/2"]
[ECO "C84"]
[WhiteElo "2005"]
[BlackElo "2268"]
[Annotator "NA"]
[PlyCount "138"]
[EventDate "2019.06.07"]
[EventType "swiss"]
[EventRounds "9"]
[EventCountry "GER"]
[SourceTitle "playchess.com"]
[Source "ChessBase"]
[SourceQuality "1"]
[TimeControl "40/5400+30:1800+30"]

1. e4 e5 2. Nf3 Nc6 3. Bb5 a6 4. Ba4 Nf6 5. O-O Be7 6. d4 exd4 7. e5 Ne4 8. Nxd4 Nxd4 9. Qxd4 Nc5 10. Nc3 O-O 11. Nd5 Re8 12. Re1 Bf8 13. h4 c6 14. Nc3 b5 15. Bb3 d5 16. Bg5 Qc7 17. Bf4 Be6 18. Nd1 Nxb3 19. axb3 c5 20. Qd2 d4 21. b4 cxb4 22. Qxd4 Qxc2 23. Ne3 Qc6 24. Rec1 Qb7 25. Rd1 Be7 26. Bg5 h6 27. Bxe7 Qxe7 28. Qb6 Bb3 29. Rd4 Qxe5 30. Rxb4 Qxb2 31. Rxa6 Qc1+ 32. Kh2 Bc4 33. Rxa8 Rxa8 34. Nxc4 bxc4 35. Qc5 Qf4+ 36. g3 Qf3 37. Rxc4 Ra1 38. Rc1 Rxc1 39. Qxc1 Qxf2+ 40. Kh3 Kh7 41. Qc6 h5 42. Qb7 Qg1 43. Qe4+ g6 44. Qf3 Kg8 45. Qa8+ Kg7 46. Qb7 Qf1+ 47. Kh2 Qf2+ 48. Kh3 Qf1+ 49. Kh2 Kf6 50. Qc6+ Ke5 51. Qc5+ Ke4 52. Qc6+ Ke3 53. Qc5+ Kd2 54. Qb4+ Kc2 55. Qa4+ Kc3 56. Qa3+ Kd4 57. Qd6+ Ke4 58. Qc6+ Kf5 59. Qd5+ Kf6 60. Qd4+ Ke6 61. Qb6+ Kd5 62. Qb7+ Kc5 63. Qc7+ Kb4 64. Qd6+ Kc3 65. Qa3+ Kd4 66. Qd6+ Ke3 67. Qe5+ Kd2 68. Qb2+ Ke1 69. Qc3+ Ke2 {[%emt 0:00:09] normal} 1/2-1/2

[Event "GER-ch Youth U16 2019"]
[Site "Willingen"]
[Date "2019.06.12"]
[Round "5.8"]
[White "Nguyen, Alex Dac-Vuong"]
[Black "Gutkin, Ilya"]
[Result "1-0"]
[ECO "C11"]
[WhiteElo "2287"]
[BlackElo "2041"]
[Annotator "NA"]
[PlyCount "87"]
[EventDate "2019.06.07"]
[EventType "swiss"]
[EventRounds "9"]
[EventCountry "GER"]
[SourceTitle "playchess.com"]
[Source "ChessBase"]
[SourceQuality "1"]
[TimeControl "40/5400+30:1800+30"]

1. e4 e6 2. d4 d5 3. Nc3 Nf6 4. e5 Nfd7 5. f4 c5 6. Nf3 Qb6 7. Ne2 Nc6 8. c3 Be7 9. g3 O-O 10. Bh3 cxd4 11. cxd4 f5 12. O-O Rd8 13. Nc3 Nf8 14. Rf2 g6 15. Be3 Bd7 16. Na4 Qc7 17. Rc1 b6 18. a3 Qb7 19. Bd2 Rdc8 20. Bf1 Rc7 21. b4 a5 22. b5 Na7 23. Rxc7 Qxc7 24. Qb3 Rc8 25. Bd3 Qb7 26. h3 Rc7 27. Rg2 Nc8 28. Kf2 Be8 29. Rg1 Kh8 30. Nb2 Bd8 31. a4 Rg7 32. g4 Bf7 33. Nd1 Ne7 34. Ne3 Rg8 35. Ke2 Rg7 36. Be1 Qd7 37. Bh4 Ng8 38. Bf2 Ne7 39. Qc2 Qc7 40. Qxc7 Bxc7 41. Bh4 Ng8 42. Bf6 Nd7 43. Bxg7+ {[%emt 0:00:00] normal} Kxg7 44. gxf5 1-0

[Event "GER-ch Youth U16 2019"]
[Site "Willingen"]
[Date "2019.06.12"]
[Round "5.9"]
[White "Boder, Jan"]
[Black "Hommel, Niclas"]
[Result "1/2-1/2"]
[ECO "B51"]
[WhiteElo "2123"]
[BlackElo "1953"]
[Annotator "NA"]
[PlyCount "77"]
[EventDate "2019.06.07"]
[EventType "swiss"]
[EventRounds "9"]
[EventCountry "GER"]
[SourceTitle "playchess.com"]
[Source "ChessBase"]
[SourceQuality "1"]
[TimeControl "40/5400+30:1800+30"]

1. e4 c5 2. Nf3 d6 3. Bb5+ Nd7 4. O-O a6 5. Bd3 Ngf6 6. Re1 e6 7. c3 Be7 8. Bc2 b5 9. d4 Bb7 10. Nbd2 cxd4 11. cxd4 Rc8 12. a4 b4 13. Bd3 O-O 14. b3 e5 15. d5 Nc5 16. Nc4 a5 17. Bc2 Ba6 18. Nfd2 Re8 19. Bb2 Nfd7 20. g3 Nb6 21. Nxa5 Nbxa4 22. bxa4 Qxa5 23. Nb3 Nxb3 24. Bxb3 Bd8 25. Rc1 Bb6 26. Qd2 Bc5 27. Kg2 Rc7 28. f4 f6 29. h3 Kh8 30. g4 Rec8 31. g5 Rf8 32. f5 fxg5 33. Qxg5 g6 34. Kh2 gxf5 35. exf5 Rg7 36. Qh5 Rfg8 37. Rc2 Bd3 38. Rd2 Rg5 39. Qf3 {normal} 1/2-1/2

[Event "GER-ch Youth U16 2019"]
[Site "Willingen"]
[Date "2019.06.12"]
[Round "5.10"]
[White "Burian, Simon"]
[Black "Kopylov, Daniel"]
[Result "0-1"]
[ECO "B63"]
[WhiteElo "2001"]
[BlackElo "2263"]
[Annotator "NA"]
[PlyCount "88"]
[EventDate "2019.06.07"]
[EventType "swiss"]
[EventRounds "9"]
[EventCountry "GER"]
[SourceTitle "playchess.com"]
[Source "ChessBase"]
[SourceQuality "1"]
[TimeControl "40/5400+30:1800+30"]

1. e4 c5 2. Nf3 d6 3. d4 cxd4 4. Nxd4 Nf6 5. Nc3 Nc6 6. Bg5 e6 7. Qd2 Be7 8. O-O-O Nxd4 9. Qxd4 O-O 10. f4 Qa5 11. e5 dxe5 12. Qxe5 Qxe5 13. fxe5 Nd5 14. Bxe7 Nxe7 15. Bd3 b6 16. Rhe1 Ng6 17. Bxg6 hxg6 18. g3 Bb7 19. Rd6 Rfc8 20. Re3 g5 21. b4 Rc4 22. a3 Rac8 23. Kb2 g4 24. Rd7 R8c7 25. Rxc7 Rxc7 26. Rd3 Bf3 27. Kb3 f6 28. Rd8+ Kf7 29. Nb5 Re7 30. exf6 gxf6 31. Rc8 e5 32. Rc7 Rxc7 33. Nxc7 Bc6 34. Kc4 f5 35. b5 Bb7 36. Nd5 Bxd5+ 37. Kxd5 f4 38. gxf4 exf4 39. Ke4 f3 40. Ke3 Ke6 41. h3 gxh3 42. Kxf3 Kd5 43. Kg3 Kc4 44. Kxh3 Kxb5 {[%emt 0:00:18] normal} 0-1

[Event "GER-ch Youth U16 2019"]
[Site "Willingen"]
[Date "2019.06.12"]
[Round "5.11"]
[White "Liebold, Aaron"]
[Black "Huber, Benedikt"]
[Result "1-0"]
[ECO "B40"]
[WhiteElo "1870"]
[BlackElo "2051"]
[Annotator "NA"]
[PlyCount "50"]
[EventDate "2019.06.07"]
[EventType "swiss"]
[EventRounds "9"]
[EventCountry "GER"]
[SourceTitle "playchess.com"]
[Source "ChessBase"]
[SourceQuality "1"]
[TimeControl "40/5400+30:1800+30"]

1. e4 c5 2. Nf3 e6 3. c4 Nc6 4. Nc3 Nf6 5. Be2 d5 6. exd5 exd5 7. d4 cxd4 8. Nxd4 Bb4 9. O-O h6 10. Nxd5 Nxd5 11. Nxc6 bxc6 12. cxd5 O-O 13. dxc6 Qb6 14. Be3 Bc5 15. Bxc5 Qxc5 16. Bf3 Ba6 17. Qc1 Qa5 18. Rd1 Rac8 19. a3 Bb5 20. a4 Ba6 21. Rd4 Qb6 22. Qc3 Rfe8 23. Rg4 g6 24. Bd5 Kf8 25. Qh8+ Ke7 {[%emt 0:00:13] normal} 1-0